[Event "Titled Tuesday Blitz December 06 Late 2022"]
[White "Calcada, Lucas Galvan"]
[Black "Rosenthal, Nicholas"]
[WhiteFideId "22746099"]
[BlackFideId "2045150"]
[WhiteElo "1523"]
[BlackElo "2182"]
[Result "0-1"]
[Round "03"]
[TimeControl "180+1"]
[Date "2022.12.07"]
[WhiteClock "0:00:02"]
[BlackClock "0:01:33"]

1. e4 e6 2. d4 d5 3. e5 c5 4. c3 Nc6 5. Nf3 Bd7 6. a3 c4 7. Be2 Na5 8. Nbd2 Ne7 9. O-O Nc8 10. Qe1 Be7 11. Bd1 g5 12. h3 Qc7 13. Bc2 Nb6 14. Qe2 h5 15. Ne1 g4 16. hxg4 hxg4 17. Qxg4 O-O-O 18. f4 Rdg8 19. Qf3 Bh4 20. b4 cxb3 21. Nxb3 Nxb3 22. Bxb3 Bg3 23. a4 Qd8 24. Rf2 Qh4 25. Kf1 Bxf2 26. Qxf2 Rg3 27. a5 Bb5+ 0-1


[Site "https://www.chess.com"]

[Event "Titled Tuesday Blitz December 06 Late 2022"]
[White "Chigaev, Maksim"]
[Black "Averjanov, Alexey"]
[WhiteFideId "4108116"]
[BlackFideId "14109867"]
[WhiteElo "2542"]
[BlackElo "2663"]
[Result "1/2-1/2"]
[Round "03"]
[TimeControl "180+1"]
[Date "2022.12.06"]
[WhiteClock "0:00:11"]
[BlackClock "0:00:26"]

1. Nf3 c5 2. c4 Nc6 3. Nc3 g6 4. g3 Bg7 5. Bg2 e6 6. d4 cxd4 7. Nb5 d5 8. cxd5 exd5 9. Nbxd4 Nge7 10. O-O O-O 11. Bg5 h6 12. Bf4 Nf5 13. Nxc6 bxc6 14. Be5 Bxe5 15. Nxe5 Qf6 16. Nd3 Ba6 17. Nc5 Bc8 18. b3 Re8 19. e3 Nd6 20. Rc1 h5 21. h4 Bg4 22. Qd2 Bf3 23. Nd7 Qe7 24. Bxf3 Qxd7 25. Qc2 Rec8 26. Rfd1 Qe6 27. Kg2 a5 28. Qc5 a4 29. b4 a3 30. Qd4 Rab8 31. Rc5 Ne4 32. Bxe4 dxe4 33. Qc4 Qf6 34. Qxe4 Qb2 35. Rc2 Qxb4 36. Qxb4 Rxb4 37. Rd3 Ra8 38. Rdc3 Rb2 39. Rxc6 Rab8 40. e4 Rxc2 41. Rxc2 Rb2 42. Rc8+ Kg7 43. Ra8 Rxa2 44. Ra7 Kf6 45. Kf3 Ra1 46. Kf4 a2 47. f3 Ke6 48. Ra6+ Ke7 49. Ra7+ Ke6 50. Ra6+ Ke7 51. e5 Kf8 52. Ra8+ Ke7 53. Ra7+ Ke6 54. Ra5 Ke7 55. Ra8 Ke6 56. Ra7 Rb1 57. Ra6+ Kd5 58. Rxa2 Rb4+ 59. Kg5 Kxe5 60. Re2+ Kd6 61. Kf6 Rb3 62. Rf2 Rb7 63. Rd2+ Kc5 64. f4 Rb3 65. Rg2 Rb7 66. Re2 Rb3 67. Rg2 Rb7 68. f5 gxf5 69. Kxf5 Kd4 70. Kg5 Rb5+ 71. Kf6 Ke3 72. Kxf7 Kf3 73. Rg1 Kf2 74. Ra1 Kxg3 75. Ra4 Rb6 76. Kg7 Kh3 77. Kh7 Kg3 78. Kg7 Rc6 79. Kh7 Rd6 80. Kg7 Re6 81. Kf7 Rc6 82. Kg7 Rb6 83. Kf7 Rc6 84. Kg7 Rd6 85. Kf7 Rc6 1/2-1/2


[Site "https://www.chess.com"]

[Event "Titled Tuesday Blitz December 06 Late 2022"]
[White "Clawitter, Craig"]
[Black "Lopez Gracia, Fernando"]
[WhiteFideId "2023105"]
[BlackFideId "2207184"]
[WhiteElo "2193"]
[BlackElo "2421"]
[Result "0-1"]
[Round "03"]
[TimeControl "180+1"]
[Date "2022.12.07"]
[WhiteClock "0:00:02"]
[BlackClock "0:01:36"]

1. e4 c5 2. Nf3 e6 3. d4 cxd4 4. Nxd4 Nf6 5. Nc3 d6 6. g4 h6 7. h4 Nc6 8. Rg1 d5 9. g5 Nxe4 10. Nxe4 dxe4 11. Nxc6 Qxd1+ 12. Kxd1 bxc6 13. Bg2 hxg5 14. hxg5 Rh4 15. Be3 Bb7 16. c3 c5 17. Kc2 O-O-O 18. Rh1 Rxh1 19. Rxh1 f5 20. gxf6 gxf6 21. Rh7 Bd6 22. b4 cxb4 23. Bxa7 bxc3 24. Kxc3 Rd7 25. Rxd7 Kxd7 26. Kd4 f5 27. Bc5 Bf4 28. Kc4 Ba6+ 29. Kb4 Kc6 30. Be3 Bd6+ 31. Ka5 Bd3 32. a4 f4 33. Bd4 Kd5 34. Ba7 Bc5 35. Bxc5 Kxc5 36. Bh3 e5 37. Bg4 f3 38. Bxf3 Bc2 39. Be2 Kd4 40. Kb5 Bd3+ 41. Bxd3 exd3 42. a5 d2 0-1


[Site "https://www.chess.com"]

[Event "Titled Tuesday Blitz December 06 Late 2022"]
[White "Corrales Jimenez, Fidel"]
[Black "Andreikin, Dmitry"]
[WhiteFideId "3506690"]
[BlackFideId "4158814"]
[WhiteElo "2541"]
[BlackElo "2735"]
[Result "0-1"]
[Round "03"]
[TimeControl "180+1"]
[Date "2022.12.06"]
[WhiteClock "0:00:36"]
[BlackClock "0:00:09"]

1. e4 c5 2. Nf3 Nc6 3. d4 cxd4 4. Nxd4 Qb6 5. Nb3 e6 6. Nc3 Qc7 7. Bd2 a6 8. a4 Nf6 9. Bd3 Bd6 10. h3 O-O 11. O-O Bf4 12. Re1 b6 13. Bf1 Bb7 14. Bxf4 Qxf4 15. Nd4 Rfc8 16. Nxc6 Bxc6 17. e5 Nd5 18. Nxd5 Bxd5 19. Ra3 Qb4 20. c4 Bxc4 21. Bxc4 Rxc4 22. Rg3 Rac8 23. b3 Rd4 24. Qe2 g6 25. Rd1 a5 26. Rxd4 Qxd4 27. Rd3 Qf4 28. g3 Qc1+ 29. Kg2 Qc6+ 30. Qf3 Qxf3+ 31. Kxf3 Kf8 32. Rd6 Rc3+ 33. Kf4 Rxb3 34. Kg5 Kg7 35. h4 h6+ 36. Kg4 h5+ 37. Kh3 Rb4 38. f4 Rxa4 39. Rxb6 Rd4 40. Ra6 a4 41. Ra7 Kf8 42. Kg2 Ke7 43. Kf3 Rd3+ 44. Kf2 a3 45. Ra6 Rb3 46. Ra7 Rb2+ 47. Kf3 a2 48. Ke3 Kd8 49. Kd4 Rg2 50. Kc5 Ke7 51. Kb6 Rxg3 52. Rxa2 Rg4 53. Ra4 Rxh4 54. Kc5 g5 0-1


[Site "https://www.chess.com"]

[Event "Titled Tuesday Blitz December 06 Late 2022"]
[White "D`Arruda, Ricardo D."]
[Black "Postnikov, Daniil"]
[WhiteFideId "100692"]
[BlackFideId "4166329"]
[WhiteElo "2465"]
[BlackElo "2261"]
[Result "0-1"]
[Round "03"]
[TimeControl "180+1"]
[Date "2022.12.07"]
[WhiteClock "0:01:07"]
[BlackClock "0:01:56"]

1. Nf3 f5 2. d3 Nf6 3. Nc3 d6 4. e4 e5 5. Bg5 Be7 6. Be2 Nc6 7. Bxf6 Bxf6 8. Nd5 O-O 9. c3 Be6 10. Nxf6+ Qxf6 11. Qd2 Rad8 12. Qg5 Qf7 13. Qh4 h6 14. exf5 Bxf5 15. O-O d5 16. Rad1 Rde8 17. Rfe1 e4 18. Nd4 Nxd4 19. cxd4 exd3 20. Bf1 Re4 21. Qg3 Rxd4 22. Qe5 c5 23. g3 Bg4 24. Rd2 Be2 25. Bg2 Qxf2+ 0-1


[Site "https://www.chess.com"]

[Event "Titled Tuesday Blitz December 06 Late 2022"]
[White "Da Silva Junior, Sediney Mari"]
[Black "Danielyan, Vahe"]
[WhiteFideId "2132079"]
[BlackFideId "13304828"]
[WhiteElo "1996"]
[BlackElo "2423"]
[Result "0-1"]
[Round "03"]
[TimeControl "180+1"]
[Date "2022.12.07"]
[WhiteClock "0:01:00"]
[BlackClock "0:00:16"]

1. e4 d6 2. d4 Nf6 3. Nc3 e5 4. dxe5 dxe5 5. Qxd8+ Kxd8 6. Bg5 Be6 7. O-O-O+ Nd7 8. f4 exf4 9. Nf3 h6 10. Bxf4 c6 11. Ne5 Ke8 12. Nxd7 Nxd7 13. a3 b5 14. Be2 g5 15. Be3 Bg7 16. h4 g4 17. Rd6 Rc8 18. Bxa7 Be5 19. Rd3 h5 20. Rhd1 Nf6 21. Bd4 Nd7 22. Bxe5 Nxe5 23. Rd6 Ke7 24. b3 g3 25. R6d4 Bg4 26. Kb2 Rhg8 27. a4 bxa4 28. Rxa4 Rc7 29. Ra5 f6 30. Rd4 Bxe2 31. Nxe2 Rg4 32. Rda4 Kf7 33. Kc3 Kg6 34. Ra8 Rxh4 35. Nxg3 Rg4 36. Rg8+ Rg7 37. Rxg7+ Kxg7 38. Nf5+ Kg6 39. g3 Nf7 40. Kd4 Ng5 41. Kd3 Ne6 42. Ra7 Nc5+ 43. Kd2 Nxe4+ 44. Ke3 Kxf5 0-1


[Site "https://www.chess.com"]

[Event "Titled Tuesday Blitz December 06 Late 2022"]
[White "Dardha, Daniel"]
[Black "Mikhailov, Viacheslav"]
[WhiteFideId "240990"]
[BlackFideId "4187369"]
[WhiteElo "2528"]
[BlackElo "2381"]
[Result "1-0"]
[Round "03"]
[TimeControl "180+1"]
[Date "2022.12.06"]
[WhiteClock "0:00:14"]
[BlackClock "0:00:01"]

1. d4 Nf6 2. Bg5 g6 3. Bxf6 exf6 4. e3 Bg7 5. g3 O-O 6. Bg2 d6 7. Nd2 c5 8. Ne2 Nc6 9. c3 f5 10. O-O Bd7 11. a3 Rc8 12. b4 b6 13. bxc5 dxc5 14. Nf4 Na5 15. Qe2 Re8 16. Qd3 Be6 17. Nxe6 Rxe6 18. a4 h5 19. Nf3 Nb3 20. Rab1 c4 21. Qc2 Qd7 22. Qa2 Bf6 23. Rfd1 h4 24. Nd2 hxg3 25. hxg3 Nxd2 26. Rxd2 Kg7 27. Rb4 f4 28. gxf4 Rh8 29. Qxc4 Re7 30. Qc6 Qg4 31. Qf3 Qh4 32. Kf1 Rc7 33. Rc2 Rhc8 34. c4 Be7 35. Rb1 Rxc4 36. Rxc4 Rxc4 37. f5 g5 38. a5 bxa5 39. Qe4 Qxe4 40. Bxe4 a4 41. Rb7 a3 42. Rxa7 Bb4 43. Bd5 Rc1+ 44. Kg2 Rc2 45. Rxf7+ Kh8 46. f6 Rc8 47. Rb7 Bd6 48. Ra7 Rd8 49. e4 Bb4 50. Kf3 g4+ 51. Kxg4 Rf8 52. e5 Rd8 53. e6 Rxd5 54. e7 1-0


[Site "https://www.chess.com"]

[Event "Titled Tuesday Blitz December 06 Late 2022"]
[White "Domingo Nunez, Ruben"]
[Black "Ward, Ieuan C"]
[WhiteFideId "22245570"]
[BlackFideId "406627"]
[WhiteElo "2406"]
[BlackElo "2318"]
[Result "1-0"]
[Round "03"]
[TimeControl "180+1"]
[Date "2022.12.07"]
[WhiteClock "0:00:28"]
[BlackClock "0:00:02"]

1. b3 d5 2. Bb2 Nf6 3. Nf3 e6 4. e3 Be7 5. Be2 O-O 6. O-O b6 7. c4 Bb7 8. Nc3 Nbd7 9. Rc1 Rc8 10. d4 a6 11. Na4 dxc4 12. bxc4 c5 13. Qb3 cxd4 14. exd4 Rb8 15. Rfd1 b5 16. cxb5 axb5 17. Nc3 b4 18. Na4 Bd5 19. Bc4 Bxf3 20. Qxf3 Nb6 21. Nxb6 Qxb6 22. d5 exd5 23. Bxd5 Nxd5 24. Rxd5 Bf6 25. Bxf6 Qxf6 26. Qxf6 gxf6 27. Rb1 Rb6 28. g3 Ra8 29. Rd2 Rba6 30. Rxb4 Rxa2 31. Rd6 R2a6 32. Rd7 R6a7 33. Rg4+ Kh8 34. Rdd4 Rg8 35. Rgf4 Rg6 36. Rd8+ Kg7 37. h4 Ra5 38. Rd7 Re5 39. Kg2 h5 40. Rb4 f5 41. Rd8 Rf6 42. Rbb8 Rh6 43. Rg8+ Kf6 44. Rg5 Re4 45. Rb5 f4 46. Kf3 Re1 47. Kxf4 Ke7 48. Rb7+ Kf8 49. Rb8+ Ke7 50. Rf5 Re2 51. Kf3 Ke6 52. Ra5 f6 53. Kxe2 1-0


[Site "https://www.chess.com"]

[Event "Titled Tuesday Blitz December 06 Late 2022"]
[White "Droin, Augustin"]
[Black "Curtis, John"]
[WhiteFideId "45105987"]
[BlackFideId "3200256"]
[WhiteElo "2316"]
[BlackElo "2203"]
[Result "1-0"]
[Round "03"]
[TimeControl "180+1"]
[Date "2022.12.07"]
[WhiteClock "0:02:10"]
[BlackClock "0:00:25"]

1. e4 c5 2. Nf3 d6 3. d4 cxd4 4. Nxd4 Nf6 5. Nc3 a6 6. Bg5 e6 7. f4 h6 8. Bh4 g5 9. fxg5 Nh7 10. Qd2 hxg5 11. Bg3 b5 12. O-O-O Bb7 13. a3 Nf6 14. Bxb5+ axb5 15. Ndxb5 e5 16. Bxe5 Nc6 17. Bxf6 Qxf6 18. Nd5 Qe5 19. Ndc7+ Kd7 20. Rhf1 Rh7 21. Rf5 Qe7 22. Nd5 Qd8 23. Nf6+ Kc8 24. Nxh7 Be7 25. Nxd6+ Qxd6 26. Qxd6 Bxd6 27. Rxd6 Ra4 28. Nxg5 Kc7 29. Rdf6 Nd8 30. Nxf7 Bxe4 31. Rc5+ Kd7 32. Nxd8 Kxd8 33. h4 Ke7 34. Rf4 Bxc2 35. Rxa4 Bxa4 36. h5 Bd1 37. Kxd1 1-0


[Site "https://www.chess.com"]

[Event "Titled Tuesday Blitz December 06 Late 2022"]
[White "Drozdowski, Kacper"]
[Black "Alex_Sahakyan2006"]
[WhiteFideId "1136720"]
[WhiteElo "2486"]
[BlackElo "2670"]
[Result "1/2-1/2"]
[Round "03"]
[TimeControl "180+1"]
[Date "2022.12.06"]
[WhiteClock "0:00:38"]
[BlackClock "0:01:04"]

1. e4 d5 2. exd5 Qxd5 3. Nc3 Qd8 4. Bc4 Nf6 5. Nf3 Bf5 6. d4 e6 7. O-O c6 8. h3 Be7 9. Bf4 O-O 10. Qe2 Nbd7 11. Bb3 Nd5 12. Bd2 N7f6 13. Rad1 Bd6 14. Ne5 Nxc3 15. Bxc3 Qc7 16. Rfe1 Ne4 17. g4 Nxc3 18. bxc3 Bxe5 19. Qxe5 Qxe5 20. dxe5 Bg6 21. Rd7 Rfd8 22. Red1 Rxd7 23. Rxd7 Rb8 24. f4 Be4 25. Kf2 c5 26. f5 Bc6 27. Rc7 Re8 28. fxe6 fxe6 29. Ke3 Kf8 30. h4 h6 31. a3 Re7 32. Rc8+ Kf7 33. a4 Re8 34. Rc7+ Re7 35. Rc8 Re8 36. Rc7+ Re7 37. Rc8 1/2-1/2


[Site "https://www.chess.com"]

[Event "Titled Tuesday Blitz December 06 Late 2022"]
[White "Dylag, Emilia"]
[Black "Erdogmus, Yagiz Kaan"]
[WhiteFideId "21805172"]
[BlackFideId "44599790"]
[WhiteElo "1878"]
[BlackElo "2353"]
[Result "0-1"]
[Round "03"]
[TimeControl "180+1"]
[Date "2022.12.07"]
[WhiteClock "0:00:04"]
[BlackClock "0:00:18"]

1. d4 d5 2. c4 c6 3. Nf3 Nf6 4. Nc3 e6 5. g3 dxc4 6. Bg2 Nbd7 7. O-O b5 8. a4 b4 9. Nb1 a5 10. Qc2 Ba6 11. Ne5 Nxe5 12. dxe5 Nd5 13. Rd1 Qb6 14. Nd2 Bc5 15. Ne4 O-O 16. Nxc5 Qxc5 17. e4 b3 18. Qe2 c3 19. Qg4 c2 20. Bh6 cxd1=Q+ 21. Rxd1 g6 22. exd5 cxd5 23. Qg5 Qc2 24. Rc1 Qf5 25. Qe3 Rfc8 26. Re1 Rc2 27. h3 Rxb2 28. g4 Qxf2+ 29. Qxf2 Rxf2 30. Kxf2 Rc8 31. Be3 Rc2+ 32. Kg3 Bd3 33. Bf1 Be4 34. Bd4 b2 35. Bxb2 Rxb2 36. Rc1 g5 37. Rc5 Rb3+ 38. Kh2 Ra3 39. Rxa5 Ra2+ 40. Kg3 d4 41. Rc5 Rxa4 42. Rc4 Ra3+ 43. Kf2 Ra2+ 44. Kg3 Ra5 45. Rxd4 Rxe5 46. Rd8+ Kg7 47. Rd4 Bg6 48. Bc4 h5 49. Rd7 h4+ 50. Kf2 Re4 51. Bd3 Rf4+ 52. Kg2 Bxd3 53. Rxd3 e5 54. Re3 e4 55. Re2 Kf6 56. Re3 Ke5 57. Re2 Rf3 58. Re1 Kf4 59. Kh2 Rf2+ 60. Kg1 e3 61. Ra1 Kg3 62. Ra3 Rf3 63. Ra2 Kxh3 64. Rh2+ Kxg4 65. Rg2+ Rg3 66. Kf1 Rxg2 67. Kxg2 h3+ 68. Kh2 e2 69. Kh1 e1=Q+ 70. Kh2 Qf2+ 71. Kh1 Qg2# 0-1


[Site "https://www.chess.com"]

[Event "Titled Tuesday Blitz December 06 Late 2022"]
[White "Ehlvest, Jaan"]
[Black "Dzierzak, Radoslaw"]
[WhiteFideId "4500016"]
[BlackFideId "1161407"]
[WhiteElo "2430"]
[BlackElo "2111"]
[Result "1-0"]
[Round "03"]
[TimeControl "180+1"]
[Date "2022.12.07"]
[WhiteClock "0:00:41"]
[BlackClock "0:00:05"]

1. e4 c6 2. d4 d5 3. exd5 cxd5 4. Bd3 Nc6 5. c3 Nf6 6. h3 g6 7. Nf3 Bg7 8. O-O O-O 9. Re1 Bf5 10. Bxf5 gxf5 11. Nbd2 e6 12. Ne5 Ne4 13. Nd3 Kh8 14. Nf3 Rg8 15. Bf4 Bf6 16. Nfe5 Nxe5 17. Nxe5 Bxe5 18. Bxe5+ f6 19. Bh2 Qd7 20. f3 Ng5 21. Kh1 Rg6 22. Qd2 Nf7 23. Re2 Rag8 24. Rae1 Nd8 25. b3 b5 26. Qd3 a6 27. c4 bxc4 28. bxc4 dxc4 29. Qxc4 Qb7 30. Bd6 R6g7 31. Rc2 Rd7 32. Bc7 Nf7 33. Rxe6 Ng5 34. Rb6 Qa8 35. Rxf6 Nxf3 36. Rxf5 Nh4 37. Be5+ Rdg7 38. Rg5 1-0


[Site "https://www.chess.com"]

[Event "Titled Tuesday Blitz December 06 Late 2022"]
[White "Espinosa, Pedro"]
[Black "Rama, Tejas"]
[WhiteFideId "30921066"]
[BlackFideId "30907381"]
[WhiteElo "2016"]
[BlackElo "2089"]
[Result "1-0"]
[Round "03"]
[TimeControl "180+1"]
[Date "2022.12.07"]
[WhiteClock "0:00:22"]
[BlackClock "0:00:08"]

1. d4 Nf6 2. c4 e6 3. Nf3 d5 4. Nc3 c5 5. cxd5 Nxd5 6. e4 Nxc3 7. bxc3 cxd4 8. cxd4 Bb4+ 9. Bd2 Bxd2+ 10. Qxd2 O-O 11. Bc4 Nd7 12. O-O b6 13. Rfe1 Bb7 14. Rad1 Rc8 15. Bb3 h6 16. d5 Nc5 17. dxe6 fxe6 18. Nd4 Kh8 19. Nxe6 Qxd2 20. Rxd2 Nxe4 21. Rd7 Nc5 22. Nxc5 Bc6 23. Rxa7 bxc5 24. f3 c4 25. Bxc4 Bxf3 26. Be6 Ra8 27. Rxa8 Bxa8 28. Bb3 h5 29. h4 Kh7 30. Re5 Kh6 31. Bd5 Bxd5 32. Rxd5 Ra8 33. Rd6+ g6 34. Rd2 g5 35. hxg5+ Kxg5 36. Kh2 Kg4 37. Rd4+ Kg5 38. a4 Ra5 39. Kh3 h4 40. Rxh4 Kf6 41. Rb4 Kg6 42. g4 Kg7 43. Kh4 Kg6 44. Kg3 Kg7 45. Kf4 Kf6 46. Rc4 Kg6 47. Rb4 Kf6 48. Ke3 Kg6 49. Kd3 Ra8 50. Kc3 Kg5 51. Kb3 Ra6 52. Rc4 Ra8 53. Kb4 Rb8+ 54. Kc5 Rc8+ 55. Kd5 Rd8+ 56. Kc6 Rc8+ 57. Kb5 Rb8+ 58. Ka5 Ra8+ 59. Kb4 Rb8+ 60. Ka3 Ra8 61. Rb4 Ra7 62. Kb3 Kg6 63. Kc3 Kg5 64. Rc4 Kh4 65. Kd3 Rd7+ 66. Ke4 Kxg4 67. Ke5+ Kg5 68. a5 Ra7 69. Ra4 Kg6 70. Ke6 Ra6+ 71. Kd7 Kf6 72. Kc7 Ke5 73. Kb7 Rg6 74. a6 Re6 75. a7 Re7+ 76. Kb6 Re8 77. a8=Q Rxa8 78. Rxa8 1-0


[Site "https://www.chess.com"]

[Event "Titled Tuesday Blitz December 06 Late 2022"]
[White "Fajdetic, Hrvoje"]
[Black "Rosenberg, Evan S"]
[WhiteFideId "14501945"]
[BlackFideId "2019299"]
[WhiteElo "2154"]
[BlackElo "2406"]
[Result "0-1"]
[Round "03"]
[TimeControl "180+1"]
[Date "2022.12.07"]
[WhiteClock "0:00:10"]
[BlackClock "0:00:20"]

1. b3 e5 2. Bb2 Nc6 3. g3 d5 4. Bg2 Nf6 5. d3 Bd6 6. Nd2 h5 7. h4 Be6 8. e4 dxe4 9. dxe4 Ng4 10. Nh3 Bc5 11. a3 Bd4 12. c3 Bxf2+ 13. Nxf2 Ne3 14. Qf3 Nc2+ 15. Ke2 Nxa1 16. Rxa1 Qd7 17. Rd1 O-O-O 18. Nc4 Bxc4+ 19. bxc4 Qe7 20. Rd5 Kb8 21. Nd3 f6 22. Qe3 b6 23. c5 Na5 24. cxb6 axb6 25. Nb4 Kb7 26. Qd3 Ra8 27. Bh3 Rhd8 28. Bd7 c6 29. Rd6 Kc7 30. Nxc6 Qxd6 31. Nxd8 Qxd3+ 32. Kxd3 Rxd8 0-1


[Site "https://www.chess.com"]

[Event "Titled Tuesday Blitz December 06 Late 2022"]
[White "Fernandez Siles, Luis"]
[Black "Ezat, Mohamed"]
[WhiteFideId "2209420"]
[BlackFideId "10600906"]
[WhiteElo "2186"]
[BlackElo "2388"]
[Result "0-1"]
[Round "03"]
[TimeControl "180+1"]
[Date "2022.12.07"]
[WhiteClock "0:01:01"]
[BlackClock "0:02:26"]

1. d4 Nf6 2. c4 g6 3. Nc3 Bg7 4. e4 O-O 5. Nf3 d6 6. Be2 e5 7. O-O Nc6 8. d5 Ne7 9. b4 c6 10. a4 a5 11. dxc6 axb4 12. cxb7 Bxb7 13. Nd5 Nxe4 14. Nxe7+ Qxe7 15. Bd2 Nc3 16. Bxc3 bxc3 17. Qb3 e4 18. Ne1 e3 19. Nc2 exf2+ 20. Rxf2 Be4 21. Rd1 Rab8 22. Qa3 Bxc2 0-1


[Site "https://www.chess.com"]

[Event "Titled Tuesday Blitz December 06 Late 2022"]
[White "Ferreira, Vitor Hugo Vieira"]
[Black "Quinones Garcia, Santiago"]
[WhiteFideId "2119765"]
[BlackFideId "4408497"]
[WhiteElo "2146"]
[BlackElo "2249"]
[Result "0-1"]
[Round "03"]
[TimeControl "180+1"]
[Date "2022.12.07"]
[WhiteClock "0:00:16"]
[BlackClock "0:00:10"]

1. e4 c5 2. Nf3 Nc6 3. g3 g6 4. Bg2 Bg7 5. O-O d6 6. c3 e6 7. d4 cxd4 8. cxd4 d5 9. exd5 exd5 10. Re1+ Nge7 11. Nbd2 O-O 12. Nb3 Bg4 13. h3 Bxf3 14. Bxf3 Nf5 15. Be3 a5 16. Qd2 a4 17. Nc5 Nfxd4 18. Bg2 b6 19. Nd3 Qf6 20. Nf4 Rad8 21. Rad1 b5 22. Bxd5 Rxd5 23. Nxd5 Nf3+ 24. Kg2 Qf5 25. Re2 Qe4 26. Nf6+ Bxf6 27. Qd5 Nh4+ 28. Kf1 Qxd5 29. Rxd5 Nf5 30. Bc5 Rc8 31. g4 Ng7 32. Rd6 Ne6 33. Be3 Ncd4 34. Rd2 Nf3 35. Rd1 Bxb2 36. Kg2 Ne5 37. f4 Nc4 38. R6d3 Nxe3+ 39. Rxe3 Rc2+ 40. Kf3 Rc4 41. f5 gxf5 42. gxf5 Rf4+ 43. Kg3 Rxf5 44. Kg4 Rg5+ 45. Kf3 Rf5+ 46. Kg4 Rf4+ 47. Kg3 Rf6 48. Rd6 a3 49. Kg2 Nf4+ 50. Kg3 Rxd6 51. Kxf4 Rd2 52. Rg3+ Kf8 53. Ke3 Rc2 54. Ke4 Rc3 55. Rg2 Rc1 56. Rg5 Ra1 57. Rxb5 Rxa2 58. Kd5 Ra1 59. Rb8+ Kg7 60. Kc4 Rh1 61. Kb3 Rxh3+ 62. Ka2 h5 63. Rb3 Rxb3 64. Kxb3 h4 65. Ka2 h3 66. Kb3 h2 67. Ka2 h1=Q 0-1


[Site "https://www.chess.com"]

[Event "Titled Tuesday Blitz December 06 Late 2022"]
[White "Ferriz Barrios, Andres"]
[Black "Aguilar, Juan"]
[WhiteFideId "5104467"]
[BlackFideId "3800091"]
[WhiteElo "2222"]
[BlackElo "2542"]
[Result "0-1"]
[Round "03"]
[TimeControl "180+1"]
[Date "2022.12.07"]
[WhiteClock "0:00:16"]
[BlackClock "0:00:18"]

1. d4 Nf6 2. Nf3 g6 3. Nc3 d5 4. Bf4 a6 5. Qd2 Bg7 6. Ne5 O-O 7. f3 c5 8. e3 Nc6 9. h4 Nh5 10. Nxc6 bxc6 11. Bh2 cxd4 12. exd4 Qb6 13. g4 Bxd4 14. gxh5 Be3 15. Qd3 Bf5 16. Na4 Qa7 17. Qa3 e5 18. Bd3 e4 19. fxe4 dxe4 20. Be2 Rad8 21. c4 Qd4 22. Bg3 Qd2+ 23. Kf1 Ba7 24. Qc3 Qh6 25. Kg2 e3 26. Rhd1 Rd2 27. Rxd2 exd2 28. Rd1 Rd8 29. Bf3 Rd3 30. Qf6 Qe3 31. Rf1 d1=Q 32. Rxd1 Qxf3+ 33. Kh2 Qxg3+ 34. Kh1 Rxd1# 0-1


[Site "https://www.chess.com"]

[Event "Titled Tuesday Blitz December 06 Late 2022"]
[White "Figorito, Nick"]
[Black "Christiansen, Johan-Sebastian"]
[WhiteFideId "30923689"]
[BlackFideId "1512668"]
[WhiteElo "2398"]
[BlackElo "2501"]
[Result "1-0"]
[Round "03"]
[TimeControl "180+1"]
[Date "2022.12.07"]
[WhiteClock "0:00:14"]
[BlackClock "0:00:17"]

1. Nf3 d5 2. g3 Nc6 3. d4 Bg4 4. Bg2 Qd7 5. Ne5 Nxe5 6. dxe5 O-O-O 7. Qd4 Kb8 8. Be3 b6 9. Nc3 Be6 10. b4 Nh6 11. Bxh6 gxh6 12. a4 Bg7 13. a5 Qc6 14. axb6 cxb6 15. b5 Qc5 16. Qxc5 bxc5 17. f4 d4 18. Ne4 Bd5 19. O-O Rc8 20. Ra5 Rhd8 21. Rfa1 Rd7 22. Nd2 e6 23. Ne4 c4 24. Nd6 Rc5 25. Bxd5 exd5 26. b6 Rxa5 27. Rxa5 axb6 28. Rxd5 Bf8 29. Rxd4 Bxd6 30. exd6 b5 31. Rd5 Kc8 32. Rxb5 Rxd6 33. Rc5+ Kd7 34. Rxc4 Ke6 35. Kf2 Rd1 36. Re4+ Kf6 37. Re3 Rc1 38. c3 h5 39. h4 h6 40. Rd3 Kf5 41. Kf3 Rf1+ 42. Kg2 Rc1 43. Kf3 Rf1+ 44. Ke3 Kg4 45. Kd4 f5 46. c4 Re1 47. c5 Rxe2 48. c6 Re4+ 49. Kd5 Re7 50. Kd6 Re1 51. c7 Rc1 52. Kd7 Rc3 53. Rd6 Kxg3 54. Rc6 Rxc6 55. Kxc6 Kxf4 56. c8=Q Kg4 57. Qe6 Kf4 58. Kd5 Kg3 59. Qxf5 Kxh4 60. Qf1 Kg3 61. Qh1 h4 62. Ke4 h3 63. Ke3 h5 64. Ke2 h4 65. Kf1 h2 66. Ke2 Kh3 67. Kf2 Kg4 68. Kg2 Kf4 69. Qxh2+ Kg4 70. Qh3+ Kg5 71. Kf3 Kh5 72. Kf4 Kg6 73. Qxh4 Kf7 74. Qh6 Kg8 75. Qd6 Kf7 76. Ke5 Ke8 77. Qc7 Kf8 78. Kf6 Ke8 79. Qe7# 1-0


[Site "https://www.chess.com"]

[Event "Titled Tuesday Blitz December 06 Late 2022"]
[White "Firouzja, Alireza"]
[Black "Koelle, Tobias"]
[WhiteFideId "12573981"]
[BlackFideId "16207378"]
[WhiteElo "2904"]
[BlackElo "2497"]
[Result "0-1"]
[Round "03"]
[TimeControl "180+1"]
[Date "2022.12.06"]
[WhiteClock "0:00:24"]
[BlackClock "0:00:33"]

1. d4 g6 2. e4 Bg7 3. Nc3 d6 4. Nf3 Nc6 5. Be3 Nf6 6. h3 O-O 7. d5 Nb8 8. Bc4 c6 9. O-O b5 10. Bd3 b4 11. Ne2 cxd5 12. exd5 Bb7 13. c4 bxc3 14. Nxc3 Nxd5 15. Nxd5 Bxd5 16. Bxg6 hxg6 17. Qxd5 Nd7 18. Rab1 Ne5 19. Nxe5 Bxe5 20. b4 Qd7 21. b5 e6 22. Qe4 Bf6 23. Rfc1 Rac8 24. Rc6 d5 25. Qf4 Bg7 26. Rbc1 e5 27. Qg4 Qxg4 28. hxg4 Rb8 29. Bc5 Rfe8 30. a4 Rb7 31. Re1 Rd8 32. Rd6 Rxd6 33. Bxd6 d4 34. Bxe5 Re7 35. f4 f6 36. Rc1 fxe5 37. Rc8+ Kh7 38. fxe5 Bxe5 39. Kf2 Rd7 40. Ke2 d3+ 41. Kd1 d2 42. Rc4 g5 43. Rc5 Bf4 44. g3 Be3 45. Rc3 Bb6 46. Rc6 Rd3 47. Re6 Rxg3 48. a5 Bxa5 49. Re7+ Kg6 50. Rxa7 Rg1+ 0-1


[Site "https://www.chess.com"]

[Event "Titled Tuesday Blitz December 06 Late 2022"]
[White "Forgacs, Attila Jr."]
[Black "Bongo Akanga Ndjila, Barthelemy"]
[WhiteFideId "773654"]
[BlackFideId "10609431"]
[WhiteElo "2168"]
[BlackElo "1768"]
[Result "0-1"]
[Round "03"]
[TimeControl "180+1"]
[Date "2022.12.07"]
[WhiteClock "0:00:09"]
[BlackClock "0:00:48"]

1. e4 c6 2. d4 d5 3. Nc3 Nf6 4. e5 Ng8 5. Be3 Bf5 6. h4 h5 7. Bd3 Bxd3 8. Qxd3 e6 9. Nf3 Ne7 10. O-O Nf5 11. Bg5 Be7 12. Ne2 g6 13. c4 Bxg5 14. hxg5 Qb6 15. b3 Qa6 16. Rfd1 Nd7 17. Qc2 Nb6 18. Rac1 O-O 19. Nh2 Kg7 20. g4 hxg4 21. Nxg4 Rh8 22. f3 Rh4 23. Kf2 Rah8 24. Rg1 dxc4 25. bxc4 Qa3 26. Qb3 Qe7 27. Nf6 Nxd4 28. Nxd4 Rxd4 29. Rh1 Rdh4 30. Qb1 Qc5+ 31. Kg2 Qxe5 32. Ng4 Qe2+ 33. Nf2 Nxc4 34. Rxc4 Qxc4 35. Rxh4 Qxh4 36. Qb2+ Kg8 37. Qxb7 Qxg5+ 38. Kf1 Qc1+ 39. Kg2 Qg5+ 40. Kf1 Qb5+ 41. Qxb5 cxb5 42. Ne4 Rh2 43. Nd6 a6 44. Nb7 Rxa2 45. Nc5 b4 46. Nd7 Kg7 47. Nc5 a5 48. Ke1 b3 49. Kd1 a4 50. Kc1 Rc2+ 51. Kb1 Rxc5 52. f4 a3 53. f5 gxf5 54. Ka1 Rc1# 0-1


[Site "https://www.chess.com"]

[Event "Titled Tuesday Blitz December 06 Late 2022"]
[White "Gatterer, Florian"]
[Black "Nasuta, Grzegorz"]
[WhiteFideId "811688"]
[BlackFideId "1141686"]
[WhiteElo "2218"]
[BlackElo "2441"]
[Result "0-1"]
[Round "03"]
[TimeControl "180+1"]
[Date "2022.12.07"]
[WhiteClock "0:00:18"]
[BlackClock "0:01:21"]

1. b3 d5 2. Bb2 Bf5 3. Nf3 e6 4. g3 Nf6 5. Bg2 h6 6. O-O Be7 7. d3 O-O 8. Nbd2 a5 9. a4 Bh7 10. Re1 Na6 11. e4 c6 12. Qe2 Nb4 13. Rac1 Re8 14. h3 Qb6 15. e5 Nd7 16. Bd4 Qa6 17. Bc3 b5 18. axb5 Qxb5 19. Bxb4 Bxb4 20. d4 Qxe2 21. Rxe2 c5 22. Bf1 Rec8 23. c3 Ba3 24. Rce1 Rab8 25. Re3 Bb2 26. Bd3 Bxd3 27. Rxd3 c4 28. bxc4 dxc4 29. Rde3 a4 30. Nb1 a3 31. Nxa3 Bxa3 32. Ra1 Bf8 33. Ra7 Nb6 34. Re2 Nd5 35. Rc2 Rb3 36. Nh4 Rxc3 37. Re2 Rb3 0-1


[Site "https://www.chess.com"]